 Dungeon Crawl Stone Soup version 0.20-a0-731-gecde0bf (webtiles) character file.

116 graki42 the Conjurer (level 4, -3/24 HPs)
             Began as a Deep Elf Conjurer on Feb 22, 2017.
             Slain by a howler monkey (5 damage)
             ... on level 4 of the Dungeon.
             The game lasted 00:06:41 (2172 turns).

graki42 the Conjurer (Deep Elf Conjurer)            Turns: 2172, Time: 00:06:42

Health: -3/24      AC:  2    Str:  6    XL:     4   Next: 69%
Magic:  8/12       EV: 13    Int: 20    God:
Gold:   172        SH:  0    Dex: 15    Spells: 1/11 levels left

rFire    . . .     SeeInvis .   (no weapon)
rCold    . . .     Gourm    .   a - +0 robe
rNeg     . . .     Faith    .   (no shield)
rPois    .         Spirit   .   (no helmet)
rElec    .         Reflect  .   (no cloak)
rCorr    .         Harm     .   (no gloves)
MR       +....                  (no boots)
Stlth    +++.......             (no amulet)
Regen    0.1/turn               u - ring of protection from magic
MPRegen  0.2/turn               o - ring of stealth

@: no status effects
A: no striking features
a: no special abilities


You were on level 4 of the Dungeon.
You were very hungry.

You visited 1 branch of the dungeon, and saw 5 of its levels.

You collected 172 gold pieces.

Inventory:

Armour
 a - a +0 robe (worn)
Jewellery
 k - a +4 ring of strength
 o - a ring of stealth (left hand)
 u - a ring of protection from magic (right hand)
Wands
 s - a wand of acid (4/15)
Scrolls
 d - 2 scrolls of teleportation {unknown}
 e - a scroll of amnesia {unknown}
 f - a scroll of magic mapping {unknown}
 h - 2 scrolls of enchant armour {unknown}
 i - a scroll of identify {unknown}
 l - 2 scrolls of remove curse {unknown}
 t - a scroll of fear {unknown}
Potions
 g - a potion of ambrosia {unknown}
 j - a potion of agility {unknown}
 n - a potion of curing
 q - a potion of heal wounds {unknown}
Books
 b - a book of Conjurations

   Spells                             Type                      Level
   a - Magic Dart                     Conjuration                  1
   b - Searing Ray                    Conjuration                  2
   c - Dazzling Spray                 Conjuration/Hexes            3
   d - Fulminant Prism                Conjuration/Hexes            4
   e - Force Lance                    Conjuration/Translocation    4
   f - Iskenderun's Mystic Blast      Conjuration                  4
Comestibles
 c - 2 bread rations
 m - a meat ration
 r - 2 royal jellies


   Skills:
 + Level 2.7 Dodging
 + Level 2.7 Stealth
 + Level 4.0 Spellcasting
 + Level 6.1 Conjurations


You had one spell level left.
You knew the following spells:

 Your Spells              Type           Power        Failure   Level  Hunger
a - Magic Dart            Conj           ####         1%          1    None
b - Searing Ray           Conj           ####..       1%          2    #......
c - Dazzling Spray        Conj/Hex       ###...       12%         3    ###....
d - Iskenderun's Mystic   Conj           ####....     12%         4    ####...


Dungeon Overview and Level Annotations

Branches:
Dungeon (5/15)
 Temple: D:4-7

Altars:
Cheibriados
Fedhas


Message History

Beogh smites you!
* * * LOW HITPOINT WARNING * * *
The orc completely misses you.
The howler monkey hoots and howls with incredible vigour!
Casting: Magic Dart
Confirm with . or Enter, or press ? or * to list all spells.
Aiming: Searing Ray
Press: ? - help, Shift-Dir - straight line, f - orc
Aim: an orc The searing ray hits the orc.
The orc is heavily wounded. (Press . to maintain the ray.)
The orc hits you.
* * * LOW HITPOINT WARNING * * *
The howler monkey hoots and howls with incredible vigour!
The searing ray hits the orc.
You kill the orc!
The searing ray misses the howler monkey.
The searing ray hits the orc.
The howler monkey hits you.
You die...

#...............
#.####.####.....#####
#.....oo.............
######.##############
#.o........
#.#.##############
#o#.#.............
#h#.#.###########.
#@#.......... #.
#.#.......... #.
#.#.......... #.
#.#.#.####### #.
..#.#.# ## ###.#..
..#### ##


You could see a howler monkey, an orc priest and an orc.

Vanquished Creatures
  An iguana (D:3)
  A hound zombie (D:5)
  2 adders
  An ooze (D:1)
  3 dart slugs (D:1)
  4 orcs (D:4)
  2 giant cockroaches
  8 goblins
  3 hobgoblins
  2 jackals (D:2)
  3 kobolds
  7 bats
  3 frilled lizards
  5 rats
45 creatures vanquished.

Notes
Turn   | Place    | Note
-------+----------+-------------------------------------------
     0 | D:1      | graki42 the Deep Elf Conjurer began the quest for the Orb.
     0 | D:1      | Reached XP level 1. HP: 10/10 MP: 6/6
   103 | D:1      | Reached XP level 2. HP: 15/15 MP: 1/8
   120 | D:1      | Learned a level 2 spell: Searing Ray
   278 | D:1      | Reached skill level 5 in Conjurations
   670 | D:2      | Reached XP level 3. HP: 15/19 MP: 4/9
   675 | D:2      | Learned a level 3 spell: Dazzling Spray
   678 | D:2      | Found a faded altar of an unknown god.
   935 | D:2      | Found a snail-covered altar of Cheibriados.
  1197 | D:3      | Found a blossoming altar of Fedhas.
  1380 | D:3      | Reached XP level 4. HP: 15/24 MP: 0/11
  1855 | D:4      | Reached skill level 6 in Conjurations
  1888 | D:5      | Entered Level 5 of the Dungeon
  2157 | D:5      | Learned a level 4 spell: Iskenderun's Mystic Blast
  2172 | D:4      | Slain by a howler monkey

Vault maps used:
D:1:      eino_arrival_water_cross
D:2:      cheibriados_altar_1, chequers_ecumenical_altar_island
D:3:      fedhas_altar_1, serial_bayou_lake_a
D:4:      overflow_temple_1_default, nicolae_dithmenos_shadow_blocks,
          minmay_temple_entry_statues, uniq_sigmund
D:5:      first_bread, serial_shops,
          nicolae_shop_temple_entry_statues_fountains, mrwooster_statue_mirror,
          uniq_crazy_yiuf_cottage

Skill      XL: |  1  2  3  4 |
---------------+-------------+-----
Conjurations   | 5 6 |  6.1
Spellcasting   | 4 |  4.0
Dodging        | |  2.7
Stealth        | |  2.7

Action                   |  1- 3 |  4- 6 || total
-------------------------+-------+-------++-------
Melee: Unarmed           |       |     1 ||     1
Throw: Throwing net      |       |     2 ||     2
 Cast: Magic Dart        |    58 |    26 ||    84
       Dazzling Spray    |     3 |       ||     3
       Searing Ray       |     2 |     1 ||     3
  Use: Potion            |       |     1 ||     1
  Eat: Chunk             |     1 |     2 ||     3
Armor: Robe              |     2 |     4 ||     6
Dodge: Dodged            |    13 |    11 ||    24
